 Dungeon Crawl Stone Soup version 0.21.0-24-g2553a33 (webtiles) character file.

1 Monsterracer the Magician (level 1, 0/11 HPs)
             Began as a Deep Elf Transmuter on Jan 19, 2018.
             Slain by a jackal (1 damage)
             ... on level 1 of the Dungeon.
             The game lasted 00:00:07 (70 turns).

Monsterracer the Magician (Deep Elf Transmuter)       Turns: 70, Time: 00:00:08

Health: 0/11       AC:  2    Str:  7    XL:     1   Next: 16%
Magic:  6/6        EV: 13    Int: 17    God:
Gold:   0          SH:  0    Dex: 15    Spells: 5/6 levels left

rFire    . . .     SeeInvis .     - Unarmed
rCold    . . .     Gourm    .   (no shield)
rNeg     . . .     Faith    .   b - +0 robe
rPois    .         Spirit   .   (no helmet)
rElec    .         Reflect  .   (no cloak)
rCorr    .         Harm     .   (no gloves)
MR       .....                  (boots currently unavailable)
Stlth    +.........             (no amulet)
HPRegen  0.03/turn              (no ring)
MPRegen  0.10/turn              (no ring)

@: appendage (expiring)
A: talons 3
a: End Transformation


You were on level 1 of the Dungeon.
You were not hungry.
You had grown temporary talons.
You visited 1 branch of the dungeon, and saw 1 of its levels.

Inventory:

Missiles
 a - 12 arrows
Armour
 b - a +0 robe (worn)
Books
 d - a book of Changes

   Spells                             Type                      Level
   a - Beastly Appendage              Transmutation                1
   b - Sticks to Snakes               Transmutation                2
   c - Spider Form                    Transmutation/Poison         3
   d - Ice Form                       Ice/Transmutation            4
   e - Blade Hands                    Transmutation                5
Comestibles
 c - 2 rations


   Skills:
 * Level 0.9 Fighting
 - Level 2.4 Dodging
 - Level 2.4 Unarmed Combat
 - Level 3.0 Spellcasting
 + Level 2.2 Transmutations


You had 5 spell levels left.
You knew the following spells:

 Your Spells              Type           Power        Failure   Level  Hunger
a - Beastly Appendage     Tmut           ##....       7%          1    None


Dungeon Overview and Level Annotations

Branches:
Dungeon (1/15)

Altars:


Innate Abilities, Weirdness & Mutations

You have claws for feet.


Message History

c - a ration;
d - a book of Changes Welcome, Monsterracer the Deep Elf Transmuter.
It is said that the Orb of Zot exists deep within this dungeon.
Press ? for a list of commands and other information.
Found a staircase leading out of the dungeon.
No target in view!
No target in view!
No target in view!
You open the door.
There is an open door here.
c - 2 rations (gained 1)
You open the door.
There is an open door here.
There is an open door here.
As you open the door, it creaks loudly!
There is an open door here.
A jackal comes into view.
The jackal moves out of view.
A jackal is nearby!
A jackal and a goblin come into view.
The jackal closely misses you.
You hit the jackal.
The jackal is moderately wounded.
The jackal closely misses you.
You hit the jackal.
The jackal is heavily wounded.
The jackal closely misses you. The jackal bites you.
The jackal barely misses you. The jackal misses you.
You take 3 damage, and have 8/11 hp.
MASSIVE DAMAGE!!
You are too injured to fight recklessly!
Casting: Beastly Appendage
Confirm with . or Enter, or press ? or * to list all spells.
Your feet morph into talons.
The jackal closely misses you. The jackal barely misses you.
You now have 5/6 mp.
You hit the jackal. You claw the jackal.
You kill the jackal!
You miss the jackal. Your kick misses the jackal. The jackal bites you.
You take 2 damage, and have 6/11 hp.
You barely miss the jackal. The jackal completely misses you.
The jackal misses you.
You hit the jackal but do no damage. The jackal bites you.
* * * LOW HITPOINT WARNING * * *
You take 2 damage, and have 4/11 hp.
You hit the jackal. Your kick misses the jackal.
The jackal is moderately wounded.
The jackal barely misses you.
You hit the jackal but do no damage.
The jackal is moderately wounded.
Your transformation is almost over.
The jackal barely misses you.
The jackal bites you but does no damage.
Unknown command.
You completely miss the jackal.
The jackal is moderately wounded.
The jackal closely misses you.
You miss the jackal. Your kick misses the jackal.
The jackal is moderately wounded.
The jackal bites you.
* * * LOW HITPOINT WARNING * * *
The jackal barely misses you.
You take 2 damage, and have 2/11 hp.
You closely miss the jackal.
The jackal is moderately wounded.
The jackal closely misses you.
You hit the jackal.
The jackal is severely wounded.
The jackal bites you.
* * * LOW HITPOINT WARNING * * *
You take 2 damage, and have 1/11 hp.
MP restored: 6 You closely miss the jackal.
You claw the jackal, but do no damage.
The jackal is severely wounded.
The jackal misses you. The jackal barely misses you.
Unknown command.
You barely miss the jackal. Your kick misses the jackal.
The jackal is severely wounded.
The jackal bites you.
You die...

##.## #.#
#.# #.# #.#
#.#
#.######
#......#
#####@#.#
#h##
#.....g..#
#.....#.#.#
.....#.#
###.#.#..
#.#..#..
..#.# ...
##.#.. ....


You could see a jackal.

Vanquished Creatures
  A jackal (D:1)
1 creature vanquished.

Notes
Turn   | Place    | Note
-------+----------+-------------------------------------------
     0 | D:1      | Monsterracer the Deep Elf Transmuter began the quest for the Orb.
     0 | D:1      | Reached XP level 1. HP: 11/11 MP: 6/6
    62 | D:1      | HP: 4/11 [jackal (2)]
    68 | D:1      | HP: 1/11 [jackal (2)]
    70 | D:1      | Slain by a jackal

Action                   || total
-------------------------++-------
Melee: Unarmed           ||    14
       Kick              ||     2
 Cast: Beastly Appendage ||     1
Armor: Robe              ||     1
Dodge: Dodged            ||    16

Vault maps used:
D:1:      dpeg_arrival_court
